 Dungeon Crawl Stone Soup version 0.18.1-50-g88ac8fd (webtiles) character file.

255998 Mesmaeker13 the Devastator (level 19, -1/127 HPs)
             Began as a High Elf Conjurer on Oct 8, 2016.
             Was the Champion of Vehumet.
             Slain by a deep elf mage
             ... wielding a +0 rapier
              (4 damage)
             ... on level 1 of the Elven Halls on Oct 20, 2016.
             The game lasted 04:38:28 (54679 turns).

Mesmaeker13 the Devastator (High Elf Conjurer)     Turns: 54679, Time: 04:38:29

Health: -1/127     AC: 15    Str: 15    XL:     19   Next: 6%
Magic:  21/37      EV: 22    Int: 30    God:    Vehumet [******]
Gold:   2559       SH: 15    Dex: 20    Spells: 8 memorised, 5 levels left

rFire  + . .     SeeInvis .     j - +5 demon whip (chaos)
rCold  + . .     Gourm    .     K - +1 leather armour {rC+}
rNeg   . . .     Faith    .     H - +2 shield {rPois}
rPois  +         Spirit   .     O - +0 helmet
rElec  .         Dismiss  .     f - +2 cloak {MR+}
rCorr  .         Reflect  .     z - +1 pair of gloves {archery}
SustAt .         Harm     .     P - +3 pair of boots of Impermeability {Str+4 Int+4}
MR     +++..     Clarity  +     l - amulet of regeneration
Stlth  ++........               E - +3 ring of intelligence
                                T - ring of protection from fire

@: repel missiles, extremely resistant to hostile enchantments, unstealthy
A: clarity, magic resistance 1, strong 1
a: Renounce Religion
}: 2/15 runes: serpentine, barnacled


You were on level 1 of the Elven Halls.
You worshipped Vehumet.
Vehumet was exalted by your worship.
You were very hungry.

You visited 8 branches of the dungeon, and saw 36 of its levels.
You visited 1 bazaar.
You also visited: Ossuary and Ice Cave.

You collected 3673 gold pieces.
You spent 1114 gold pieces at shops.

Inventory:

Hand Weapons
 j - a +5 demon whip of chaos (weapon)
Armour
 f - a +2 cloak of magic resistance (worn)
 z - a +1 pair of gloves of archery (worn)
 H - a +2 shield of poison resistance (worn)
 K - a +1 leather armour of cold resistance (worn)
 O - a +0 helmet (worn)
 P - the +3 pair of boots of Impermeability (worn) {Str+4 Int+4}
   (You found it on level 10 of the Dungeon)

   It affects your strength (+4).
   It affects your intelligence (+4).
Jewellery
 l - an amulet of regeneration (around neck)
 C - an uncursed ring of positive energy
 E - a +3 ring of intelligence (right hand)
 Q - an uncursed ring of protection from magic
 T - a ring of protection from fire (left hand)
Wands
 d - a wand of disintegration (1/24)
 u - a wand of heal wounds (8/9)
Scrolls
 c - 2 scrolls of fear
 g - 2 scrolls of identify
 h - a scroll of summoning
 i - 7 scrolls of teleportation
 t - 3 scrolls of blinking
 v - 3 scrolls of fog
 y - a scroll of magic mapping
 G - a scroll of amnesia
 N - 2 scrolls of silence
 R - 4 scrolls of remove curse
Potions
 e - a potion of ambrosia
 k - a potion of magic
 o - 5 potions of flight
 q - 3 potions of cancellation
 s - 4 potions of agility
 w - 4 potions of brilliance
 x - 3 potions of heal wounds
 B - a potion of invisibility
 D - 5 potions of resistance
 F - 11 potions of curing
 I - 3 potions of haste
Books
 n - a book of Ice

   Spells                             Type                      Level
   a - Ice Form                       Ice/Transmutation            4
   b - Metabolic Englaciation         Hexes/Ice                    5
   c - Ozocubu's Refrigeration        Ice                          6
   d - Bolt of Cold                   Conjuration/Ice              6
   e - Freezing Cloud                 Conjuration/Ice/Air          6
   f - Simulacrum                     Ice/Necromancy               6
 J - a book of Air

   Spells                             Type                      Level
   a - Shock                          Conjuration/Air              1
   b - Swiftness                      Charms/Air                   2
   c - Repel Missiles                 Charms/Air                   2
   d - Static Discharge               Conjuration/Air              3
   e - Lightning Bolt                 Conjuration/Air              5
Miscellaneous
 b - an ornate deck of wonders {Focus}
 A - a crystal ball of energy
Comestibles
 m - 2 meat rations
 p - 2 bread rations
 Y - 10 fruits


   Skills:
 - Level 10.4 Fighting
 - Level 5.2 Armour
 - Level 13.0 Dodging
 - Level 2.1 Stealth
 + Level 11.7 Shields
 - Level 13.1 Spellcasting
 + Level 19.5 Conjurations
 - Level 5.5 Hexes
 - Level 8.1 Charms
 - Level 11.0 Summonings
 + Level 8.5 Ice Magic


You had 5 spell levels left.
You knew the following spells:

 Your Spells              Type           Power        Failure   Level  Hunger
a - Bolt of Cold          Conj/Ice       #######...   1%          6    ####...
b - Swiftness             Chrm/Air       #####...     1%          2    None
c - Repel Missiles        Chrm/Air       #####.       1%          2    None
d - Orb of Destruction    Conj           #######...   1%          7    ######.
e - Iskenderun's Battles  Conj/Chrm      #######.     1%          5    #......
f - Fulminant Prism       Conj/Hex       #######...   1%          4    None
g - Spellforged Servitor  Conj/Summ      #######...   2%          7    ######.
h - Ozocubu's Refrigerat  Ice            ######....   7%          6    ####...


Dungeon Overview and Level Annotations

Branches:
Dungeon (15/15)            Temple (1/1) D:5            Lair (8/8) D:9
 Shoals (4/4) Lair:6        Snake (4/4) Lair:4        Slime (0/6) Lair:8
    Orc (2/2) D:12            Elf (1/3) Orc:2        Vaults (0/5) D:14
 Depths (1/5) D:15

Altars:
Ashenzari
Cheibriados
Dithmenos
Elyvilon
Fedhas
Gozag
Kikubaaqudgha
Makhleb
Nemelex Xobeh
Okawaru
Pakellas
Qazlal
Ru
Sif Muna
Trog
Vehumet
Xom
Yredelemnul
Zin
The Shining One

Shops:
D:5 [   D:7 (   D:11 ?(}([   Orc:2 =*[(   Shoals:2 [(}   Shoals:3 *
Shoals:4 *


Innate Abilities, Weirdness & Mutations

You possess an exceptional clarity of mind.
You are resistant to hostile enchantments.
Your muscles are strong. (Str +2)


Message History

Vehumet accepts your kill.
The bolt of cold misses the deep elf mage.
You see here an arrow.
You miss the deep elf mage.
Your spellforged servitor conjures a glowing orb.
The rock wall explodes into countless fragments.
The deep elf mage casts a spell.
You hit the deep elf mage. You drain the deep elf mage!
The deep elf mage is lightly wounded.
Your spellforged servitor conjures an orb of pure magic.
The deep elf mage hits you but does no damage.
You hit the deep elf mage.
The deep elf mage is moderately wounded.
The wavering orb of destruction hits you!
* * * LOW HITPOINT WARNING * * *
The fire elemental completely misses you.
Your spellforged servitor gestures at the deep elf mage while chanting.
The bolt of cold misses the deep elf mage.
The deep elf mage hits you with a rapier.
You die...

... #.# #.# . #.# ..
#############.# ...
###...)......##.## .[..
...).8..8..#(##8.# .....
###..).......(.§.##...>..
#############(@eEE.....
##E##§..... #§# ..... #+#
%... ... .. .


You could see a deep elf mage, 3 fire elementals and a friendly spellforged
servitor.

Vanquished Creatures
  Asterion (Snake:2)
  Kirke (Lair:6)
  Ilsuiw (Shoals:4)
  3 frost giants
  2 greater nagas
  An orc warlord (Orc:1)
  The ghost of Galewind the Warrior, a journeyman MiFi of Okawaru (Lair:6)
  Azrael (D:13)
  The ghost of varam the Unseen, a journeyman SpEn of Gozag (Lair:8)
  4 merfolk impalers
  A merfolk javelineer (Shoals:4)
  Erolcha (Orc:1)
  3 hydras
  6 catoblepae
  4 naga warriors
  Erica (D:11)
  5 centaur warriors
  9 anacondas
  An ogre mage (D:12)
  9 death yaks
  5 orc high priests
  5 shock serpents
  Urug (Lair:1)
  4 naga sharpshooters
  Sonja (D:11)
  A fire crab (Lair:8)
  2 salamander mystics
  7 sea snakes
  2 unseen horrors
  5 naga ritualists
  6 hill giants
  A wolf spider zombie (D:12)
  5 orc knights
  An anubis guard (shapeshifter) (D:14)
  9 mana vipers
  5 deep elf magi
  5 ugly things
  A faun (Shoals:1)
  4 manticores
  6 orc sorcerers
  6 cyclopes
  5 elephants
  8 griffons
  9 salamanders
  An ice statue (IceCv)
  8 sirens
  18 naga magi
  27 black mambas
  A torpor snail (Lair:5)
  21 spiny frogs
  3 water nymphs
  4 gargoyles
  6 rime drakes
  10 komodo dragons
  2 spriggan druids (Lair:8)
  11 merfolk
  6 trolls
  2 two-headed ogres
  21 polar bears
  8 slime creatures
  2 wind drakes
  19 blink frogs
  2 snapping turtles (Shoals:4)
  7 redbacks (Lair:8)
  A centaur simulacrum (D:14)
  8 water elementals
  A vampire (D:12)
  12 spriggans
  2 shadows
  81 yaks
  2 wraiths
  11 humans (D:14)
  3 basilisks
  4 fire bats (D:8)
  5 hogs (Lair:6)
  6 wyverns
  13 hippogriffs
  2 hungry ghosts
  A steam dragon (D:12)
  A mottled dragon (D:12)
  6 wargs
  24 nagas
  4 hell hounds (D:13)
  16 water moccasins
  6 porcupines
  41 orc warriors
  2 phantoms
  7 sky beasts
  An ice beast (D:11)
  7 black bears (Lair:8)
  3 wasps
  An eye of draining (D:9)
  A necrophage (D:11)
  12 ogres
  46 wolves
  23 centaurs
  10 crocodiles
  3 big kobolds
  14 giant frogs
  A wyvern zombie (D:13)
  3 wyvern skeletons
  Dowan (D:7)
  14 scorpions
  5 wights (D:11)
  2 electric eels (Lair:8)
  15 howler monkeys
  7 crimson imps
  4 centaur zombies
  2 giant frog zombies
  5 hounds
  4 jellies
  2 quasits
  4 giant frog skeletons
  A gnoll shaman (D:8)
  2 human zombies (Ossuary)
  30 orc priests
  39 orc wizards
  5 centaur skeletons
  6 iguanas
  Jessica (D:3)
  Natasha (thrice) (D:2)
  7 worker ants
  42 sheep
  2 big kobold zombies (Ossuary)
  A killer bee zombie (D:7)
  A howler monkey zombie (D:7)
  2 mummies (Ossuary)
  6 gnolls
  12 adders
  35 river rats
  5 scorpion zombies (Ossuary)
  9 shadow imps
  12 white imps
  3 worms
  2 dart slugs
  8 giant geckos
  125 orcs
  5 ball pythons
  8 bats
  2 giant cockroaches (D:1)
  2 goblins
  7 hobgoblins
  2 jackals (D:1)
  7 kobolds
  5 quokkas
  A giant cockroach zombie (D:5)
  2 giant newts
  A gnoll zombie (Ossuary)
  2 goblin zombies (Ossuary)
  A hobgoblin zombie (Ossuary)
  3 kobold zombies (Ossuary)
  An orc zombie (Ossuary)
  A quokka skeleton (D:4)
  5 rats
  A fire vortex (D:8)
  3 fungi
  7 plants
1213 creatures vanquished.

Vanquished Creatures (collateral kills)
  The ghost of nikopol the Phalangite, an adept MiBe of Trog (Shoals:3)
  Rupert (D:14)
  5 greater nagas
  A very ugly thing (Depths:1)
  An ettin (D:15)
  5 merfolk javelineers
  5 merfolk impalers
  A great orb of eyes (Depths:1)
  7 naga warriors
  A centaur warrior (D:15)
  3 anacondas
  An alligator snapping turtle (Shoals:4)
  4 merfolk aquamancers
  An ogre mage (D:15)
  A death knight (D:15)
  2 tengu warriors (D:15)
  3 shock serpents
  3 naga sharpshooters
  A skeletal warrior (D:14)
  A salamander mystic (Snake:3)
  8 sea snakes
  A deep elf archer (Elf:1)
  A hill giant (D:14)
  2 naga ritualists
  An orc knight (D:14)
  5 harpies (Shoals:4)
  5 ugly things (D:14)
  9 fauns
  4 mana vipers
  2 deep elf magi (Elf:1)
  2 griffons
  An orc sorcerer (D:15)
  2 cyclopes (Shoals:4)
  2 salamanders
  17 naga magi
  2 manticores
  3 water nymphs
  12 black mambas
  5 sirens (Shoals:4)
  A guardian serpent (Snake:3)
  A kobold demonologist (D:15)
  2 two-headed ogres
  21 merfolk
  A harpy skeleton (D:15)
  4 slime creatures (D:15)
  2 blink frogs (Lair:6)
  A snapping turtle (Shoals:4)
  7 water elementals
  A wraith (D:15)
  A wyvern (D:15)
  5 humans (D:14)
  A hippogriff (D:15)
  19 nagas
  A mottled dragon (D:15)
  2 wargs (Orc:2)
  2 orc warriors
  2 centaurs
  A crocodile (Lair:6)
  An orc priest (Orc:1)
  3 orc wizards
  2 sheep (Shoals:1)
  A river rat (Lair:6)
  6 orcs
  2 fulminant prisms (Snake:4)
  5 plants
227 creatures vanquished.

Vanquished Creatures (others)
  A sphinx (D:9)
  A greater naga (Snake:4)
  A merfolk impaler (Shoals:4)
  A water elemental (Shoals:2)
  A hound (D:10)
  A mummy (Ossuary)
  An orc (Orc:2)
  A gnoll zombie (Ossuary)
  165 fulminant prisms
  28 fungi
  13 plants
214 creatures vanquished.

Grand Total: 1654 creatures vanquished

Notes
Turn   | Place    | Note
--------------------------------------------------------------
     0 | D:1      | Mesmaeker13 the High Elf Conjurer began the quest for the Orb.
     0 | D:1      | Reached XP level 1. HP: 11/11 MP: 4/4
   217 | D:1      | Reached XP level 2. HP: 14/17 MP: 0/6
   825 | D:1      | Reached XP level 3. HP: 21/21 MP: 6/8
   944 | D:2      | Noticed Natasha
   948 | D:2      | Killed Natasha
  1001 | D:2      | Noticed Natasha
  1005 | D:2      | Killed Natasha
  1005 | D:2      | Reached skill level 5 in Conjurations
  1005 | D:2      | Reached XP level 4. HP: 6/27 MP: 3/10
  1260 | D:2      | Learned a level 2 spell: Searing Ray
  1442 | D:2      | Noticed Natasha
  1448 | D:2      | Killed Natasha
  1602 | D:2      | Found a shattered altar of Ashenzari.
  1911 | D:2      | Reached XP level 5. HP: 31/31 MP: 7/11
  2250 | D:3      | Noticed Jessica
  2253 | D:3      | Killed Jessica
  2259 | D:3      | Learned a level 3 spell: Dazzling Spray
  3135 | D:4      | Reached XP level 6. HP: 35/37 MP: 8/13
  3144 | D:4      | Learned a level 4 spell: Iskenderun's Mystic Blast
  3251 | D:4      | Reached skill level 1 in Fighting
  3909 | D:5      | Entered Level 5 of the Dungeon
  3926 | D:5      | Reached skill level 5 in Dodging
  3926 | D:5      | Reached skill level 6 in Conjurations
  3994 | D:5      | Found a stormy altar of Qazlal.
  4026 | D:5      | Got a bloodstained leather armour
  4041 | D:5      | Identified the cursed +1 leather armour of Wuluug {MR+} (You found it on level 5 of the Dungeon)
  4108 | D:5      | Found a staircase to the Ecumenical Temple.
  4115 | D:5      | Reached XP level 7. HP: 39/45 MP: 10/15
  4118 | Temple   | Entered the Ecumenical Temple
  4435 | D:5      | Reached skill level 5 in Spellcasting
  4541 | D:5      | Found a radiant altar of Vehumet.
  4541 | D:5      | Found a burning altar of Makhleb.
  4558 | D:5      | Became a worshipper of Vehumet
  4729 | D:5      | Found Koschap's Armour Shop.
  5074 | D:6      | Found a sand-covered staircase.
  5078 | Ossuary  | Entered an ossuary
  5426 | Ossuary  | Reached skill level 7 in Conjurations
  5426 | Ossuary  | Reached XP level 8. HP: 54/54 MP: 1/16
  5668 | Ossuary  | Reached * piety under Vehumet
  5668 | Ossuary  | Offered knowledge of Sandblast by Vehumet.
  5841 | Ossuary  | Learned a level 5 spell: Iskenderun's Battlesphere
  5971 | Ossuary  | Reached skill level 1 in Charms
  6341 | D:6      | Reached skill level 8 in Conjurations
  6411 | D:5      | Bought a +2 shield of poison resistance for 259 gold pieces
  6490 | D:6      | Reached skill level 1 in Shields
  6566 | D:6      | Found a snail-covered altar of Cheibriados.
  7079 | D:7      | Reached ** piety under Vehumet
  7116 | D:7      | Found Xusuh's Weapon Shop.
  7128 | D:7      | Offered knowledge of Flame Tongue by Vehumet.
  7128 | D:7      | Reached XP level 9. HP: 58/58 MP: 11/17
  7649 | D:7      | Noticed Dowan
  7664 | D:7      | Killed Dowan
  7664 | D:7      | Reached skill level 5 in Charms
  7889 | D:8      | Reached skill level 9 in Conjurations
  8109 | D:8      | Offered knowledge of Throw Frost by Vehumet.
  9038 | D:8      | Reached *** piety under Vehumet
  9206 | D:9      | Got a steaming long sword
  9209 | D:9      | Identified the +9 long sword "Ukuomp" {pain, rElec MP-9 Str-3 SInv} (You found it on level 9 of the Dungeon)
  9215 | D:9      | Found a staircase to the Lair.
  9904 | D:9      | Reached XP level 10. HP: 58/64 MP: 10/18
 10147 | D:9      | Reached skill level 5 in Shields
 10147 | D:9      | Reached skill level 10 in Conjurations
 10205 | D:9      | Found a shimmering altar of Xom.
 10231 | D:9      | Found a shimmering altar of Xom.
 10233 | D:9      | Found a shimmering altar of Xom.
 10235 | D:9      | Found a shimmering altar of Xom.
 10264 | D:9      | Found an oddly glowing altar of Pakellas.
 10265 | D:9      | Noticed a sphinx
 10274 | D:9      | Killed a sphinx
 10368 | D:10     | Entered Level 10 of the Dungeon
 10476 | D:10     | Offered knowledge of Airstrike by Vehumet.
 10482 | D:10     | Learned a level 4 spell: Fulminant Prism
 10536 | D:10     | Noticed a hill giant
 10701 | D:10     | Killed a hill giant
 11071 | D:10     | Got a pair of steaming boots
 11084 | D:10     | Identified the +3 pair of boots of Impermeability {Str+4 Int+4} (You found it on level 10 of the Dungeon)
 11130 | D:10     | Noticed a hill giant
 11281 | D:10     | Killed a hill giant
 11536 | D:10     | Noticed a hill giant
 11563 | D:10     | Killed a hill giant
 11697 | D:10     | Reached skill level 11 in Conjurations
 12063 | D:10     | Reached **** piety under Vehumet
 12213 | D:10     | Noticed a purple ugly thing
 12222 | D:10     | Killed a purple ugly thing
 12222 | D:10     | Reached XP level 11. HP: 64/69 MP: 4/23
 12284 | Lair:1   | Entered Level 1 of the Lair of Beasts
 12293 | Lair:1   | Offered knowledge of Lee's Rapid Deconstruction by Vehumet.
 12780 | Lair:1   | Noticed a four-headed hydra
 12786 | Lair:1   | Killed a four-headed hydra
 13128 | Lair:1   | Noticed Urug
 13147 | Lair:1   | Killed Urug
 13533 | Lair:1   | Reached skill level 12 in Conjurations
 14377 | Lair:2   | Reached skill level 5 in Fighting
 14764 | Lair:3   | Reached XP level 12. HP: 67/77 MP: 6/26
 14779 | Lair:3   | Noticed a four-headed hydra
 15139 | Lair:3   | Killed a four-headed hydra
 15166 | Lair:3   | Reached ***** piety under Vehumet
 15220 | Lair:3   | Offered knowledge of Iron Shot by Vehumet.
 15494 | Lair:3   | Reached skill level 10 in Spellcasting
 15888 | Lair:4   | Found a staircase to the Snake Pit.
 15964 | Lair:4   | Reached skill level 13 in Conjurations
 16449 | Lair:4   | Found an opulent altar of Gozag.
 17078 | Lair:5   | Found a frozen archway.
 17147 | Lair:5   | Offered knowledge of Irradiate by Vehumet.
 17252 | IceCv    | Entered an ice cave
 17550 | IceCv    | Reached XP level 13. HP: 67/87 MP: 3/29
 17907 | IceCv    | Gained mutation: You are resistant to hostile enchantments. [potion of beneficial mutation]
 17908 | IceCv    | Gained mutation: Your muscles are strong. (Str +2) [potion of beneficial mutation]
 17909 | IceCv    | Gained mutation: You possess an exceptional clarity of mind. [potion of beneficial mutation]
 19423 | IceCv    | Noticed a frost giant
 19470 | IceCv    | Killed a frost giant
 20064 | Lair:5   | Reached skill level 10 in Shields
 21342 | Lair:6   | Noticed Galewind's ghost (journeyman MiFi)
 21442 | Lair:5   | Reached skill level 14 in Conjurations
 21449 | Lair:5   | Reached skill level 1 in Armour
 22004 | Lair:6   | Killed Galewind's ghost
 22004 | Lair:6   | Reached skill level 1 in Hexes
 22331 | Lair:6   | Found a staircase to the Shoals.
 22480 | Lair:6   | Noticed Kirke
 22548 | Lair:6   | Killed Kirke
 23902 | Lair:7   | Reached XP level 14. HP: 97/97 MP: 3/31
 24774 | Lair:8   | Entered Level 8 of the Lair of Beasts
 24784 | Lair:8   | Found a staircase to the Slime Pits.
 25963 | Lair:8   | Got a brightly glowing hand axe
 25964 | Lair:8   | Identified the +0 hand axe of Gehenna {flame, *Rage rPois rF+} (You found it on level 8 of the Lair of Beasts)
 26032 | Lair:8   | Learned a level 5 spell: Irradiate
 26068 | Lair:8   | Reached skill level 10 in Fighting
 26525 | Lair:8   | Reached skill level 5 in Hexes
 26781 | Lair:8   | Noticed varam's ghost (journeyman SpEn)
 26796 | Lair:8   | Killed varam's ghost
 26939 | Lair:8   | Reached skill level 5 in Armour
 27551 | Lair:8   | Offered knowledge of Spellforged Servitor by Vehumet.
 27563 | Lair:8   | Learned a level 7 spell: Spellforged Servitor
 27889 | Lair:8   | Reached skill level 1 in Summonings
 28265 | D:11     | Reached skill level 10 in Dodging
 28315 | D:11     | Found Beuddure's Armour Shoppe.
 28747 | D:11     | Noticed Erica
 28760 | D:11     | Killed Erica
 28771 | D:11     | Reached XP level 15. HP: 74/105 MP: 33/33
 28934 | D:11     | Found Uwniecw's Magic Scroll Shoppe.
 28937 | D:11     | Bought a scroll of identify for 30 gold pieces
 28937 | D:11     | Bought a scroll of identify for 30 gold pieces
 28937 | D:11     | Bought a scroll of identify for 30 gold pieces
 28937 | D:11     | Bought a scroll of identify for 30 gold pieces
 28937 | D:11     | Bought a scroll of identify for 30 gold pieces
 28940 | D:11     | Identified a scroll of acquirement
 28947 | D:11     | Got a pitted iron amulet
 28949 | D:11     | Identified the amulet of Heule {Harm *Drain rC+ Str+4} (You acquired it on level 11 of the Dungeon)
 29075 | D:11     | Reached XP level 16. HP: 110/110 MP: 34/34
 29116 | D:11     | Found Vepuaff's Antique Weapon Emporium.
 29135 | D:11     | Found Kaosu's Gadget Shoppe.
 29153 | D:11     | Noticed Sonja
 29158 | D:11     | Killed Sonja
 29298 | D:11     | Found Sesoofej's Antique Weapon Shop.
 29596 | D:11     | Offered knowledge of Venom Bolt by Vehumet.
 29603 | D:11     | Got a slimy quarterstaff {crush}
 29970 | D:12     | Found a staircase to the Orcish Mines.
 30735 | D:12     | Identified the cursed +0 quarterstaff of Yredelemnul's Esteem {crush, rElec rC+ rN++ Dex-4} (You took it off a wight on level 11 of the Dungeon)
 31249 | Orc:1    | Entered Level 1 of the Orcish Mines
 31907 | Orc:2    | Entered Level 2 of the Orcish Mines
 32454 | Orc:2    | Offered knowledge of Bolt of Fire by Vehumet.
 32998 | Orc:2    | Found a staircase to the Elven Halls.
 33744 | Orc:2    | Found Rakoir's General Store.
 33745 | Orc:2    | Found Rumeawosh's Jewellery Shop.
 33746 | Orc:2    | Found Iwkenk's Antique Armour Shop.
 33746 | Orc:2    | Found Buufu's Antique Weapon Boutique.
 34183 | Orc:2    | Offered knowledge of Ozocubu's Refrigeration by Vehumet.
 34201 | Orc:1    | HP: 5/110 [fulminant prism[the player character] (33)]
 34555 | Orc:1    | Noticed Erolcha
 34560 | Orc:1    | Killed Erolcha
 34868 | D:13     | Noticed Azrael
 34889 | D:13     | Killed Azrael
 35963 | D:14     | Found a gate to the Vaults.
 35963 | D:14     | Noticed Rupert
 36150 | Snake:1  | Entered Level 1 of the Snake Pit
 36833 | Snake:1  | Reached ****** piety under Vehumet
 36992 | Snake:1  | Reached skill level 15 in Conjurations
 37191 | Snake:1  | Offered knowledge of Bolt of Cold by Vehumet.
 37202 | Snake:1  | Learned a level 6 spell: Bolt of Cold
 37497 | Snake:1  | Reached XP level 17. HP: 94/116 MP: 10/35
 37503 | Snake:1  | Reached skill level 1 in Ice Magic
 38302 | Snake:1  | Reached skill level 10 in Summonings
 39666 | Snake:2  | Reached skill level 5 in Ice Magic
 40415 | Snake:2  | Noticed Asterion
 40438 | Snake:2  | Killed Asterion
 41864 | Snake:3  | Reached skill level 16 in Conjurations
 42783 | Snake:4  | Entered Level 4 of the Snake Pit
 44418 | Snake:4  | Offered knowledge of Lehudib's Crystal Spear by Vehumet.
 44418 | Snake:4  | Offered knowledge of Fire Storm by Vehumet.
 44418 | Snake:4  | Offered knowledge of Shatter by Vehumet.
 44461 | Snake:3  | Learned a level 8 spell: Lehudib's Crystal Spear
 44640 | Snake:4  | Reached skill level 17 in Conjurations
 45286 | Snake:4  | Reached XP level 18. HP: 116/122 MP: 25/36
 45344 | Snake:4  | Got a serpentine rune of Zot
 46095 | D:14     | Killed Rupert
 46765 | D:14     | Reached skill level 18 in Conjurations
 47086 | D:15     | Entered Level 15 of the Dungeon
 47189 | D:15     | Found a staircase to the Depths.
 47816 | D:15     | Learned a level 2 spell: Repel Missiles
 48279 | Depths:1 | Entered Level 1 of the Depths
 48548 | D:15     | Learned a level 5 spell: Lightning Bolt
 48711 | Lair:1   | Learned a level 2 spell: Swiftness
 48857 | Shoals:1 | Entered Level 1 of the Shoals
 49532 | Shoals:1 | Got a faintly glowing lead ring
 49804 | Shoals:2 | Found Uretto's Antique Armour Boutique.
 49832 | Shoals:2 | Identified the ring "Tugok" {*Tele MP+9 Dex+3} (You found it on level 1 of the Shoals)
 49956 | Shoals:2 | Found Reguih's Weapon Shoppe.
 50049 | Shoals:2 | Found a gateway to a bazaar.
 50083 | Shoals:2 | Found Cosk's Gadget Shop.
 50091 | Bazaar   | Entered a bazaar
 50095 | Bazaar   | Found Jill's Armour Boutique.
 50098 | Bazaar   | Found Hyloo's Book Emporium.
 50109 | Bazaar   | Bought a book of Power for 405 gold pieces
 50118 | Bazaar   | Learned a level 7 spell: Orb of Destruction
 50149 | Bazaar   | Found Obeff's Distillery.
 50150 | Bazaar   | Found Wuing's Book Boutique.
 50167 | Bazaar   | Bought a potion of haste for 90 gold pieces
 50167 | Bazaar   | Bought a potion of heal wounds for 45 gold pieces
 50167 | Bazaar   | Bought a potion of heal wounds for 45 gold pieces
 51098 | Shoals:3 | Noticed nikopol's ghost (adept MiBe)
 51364 | Shoals:3 | Found Diuqacy's General Store.
 51658 | Shoals:4 | Entered Level 4 of the Shoals
 51730 | Shoals:4 | Noticed Ilsuiw
 51780 | Shoals:3 | Reached skill level 19 in Conjurations
 51955 | Shoals:3 | Killed nikopol's ghost
 52190 | Shoals:4 | Found Zosmeash's General Store.
 52465 | Shoals:4 | Killed Ilsuiw
 52903 | Shoals:4 | Bought a scroll of identify for 24 gold pieces
 52903 | Shoals:4 | Bought a potion of magic for 96 gold pieces
 53107 | Shoals:4 | Got a barnacled rune of Zot
 53962 | Shoals:4 | Reached XP level 19. HP: 36/127 MP: 19/37
 54488 | Lair:1   | Learned a level 6 spell: Ozocubu's Refrigeration
 54606 | Elf:1    | Entered Level 1 of the Elven Halls
 54679 | Elf:1    | HP: 3/127 [disintegration[the player character] (63)]
 54679 | Elf:1    | Slain by a deep elf mage

Skill      XL: |  1  2  3  4  5  6  7  8  9 10 11 12 13 14 15 16 17 18 |
---------------+-------------------------------------------------------+-----
Spellcasting   | 3 4 5 7 9 11 12 13 | 13.1
Dodging        | 3 4 5 6 7 8 10 13 | 13.0
Conjurations   | 5 6 7 8 9 11 12 13 14 15 17 19 | 19.5
Fighting       | 2 3 4 5 7 9 10 | 10.4
Charms         | 3 7 8 |  8.1
Shields        | 2 4 6 8 9 10 11 | 11.7
Armour         | 3 5 |  5.2
Hexes          | 3 5 |  5.5
Summonings     | 2 6 9 10 11 | 11.0
Ice Magic      | 8 |  8.5
Stealth        | |  2.1

Action                   |  1- 3 |  4- 6 |  7- 9 | 10-12 | 13-15 | 16-18 | 19-21 || total
-------------------------+-------+-------+-------+-------+-------+-------+-------++-------
Melee: Club              |    24 |       |       |       |       |       |       ||    24
       Dagger            |       |    56 |   165 |       |       |       |       ||   221
       Whip              |       |       |   134 |   400 |   561 |       |       ||  1095
       Long sword        |       |       |       |       |    17 |       |       ||    17
       Scimitar          |       |       |       |       |    35 |   735 |       ||   770
       Staff             |       |       |       |       |       |    32 |       ||    32
       Quarterstaff      |       |       |       |       |       |     6 |       ||     6
       Demon whip        |       |       |       |       |       |   624 |    36 ||   660
Throw: Throwing net      |       |     1 |       |       |       |       |       ||     1
 Cast: Magic Dart        |    58 |    54 |    47 |   186 |   310 |    60 |       ||   715
       Searing Ray       |       |    22 |    47 |    14 |       |       |       ||    83
       Dazzling Spray    |       |     1 |    24 |    79 |   122 |   129 |       ||   355
       Iskenderun's Myst |       |       |    14 |    28 |    53 |   125 |       ||   220
       Iskenderun's Batt |       |       |     3 |    54 |    71 |    41 |       ||   169
       Fulminant Prism   |       |       |       |    17 |    63 |    88 |       ||   168
       Spellforged Servi |       |       |       |       |       |    95 |     2 ||    97
       Bolt of Cold      |       |       |       |       |       |   152 |    10 ||   162
       Irradiate         |       |       |       |       |       |     1 |       ||     1
       Orb of Destructio |       |       |       |       |       |    10 |       ||    10
       Lightning Bolt    |       |       |       |       |       |     6 |       ||     6
       Repel Missiles    |       |       |       |       |       |     5 |     1 ||     6
Evoke: Wand              |       |     1 |     6 |    10 |     2 |     8 |       ||    27
  Use: Scroll            |     2 |     8 |    11 |    14 |    15 |    19 |     1 ||    70
       Potion            |       |       |     1 |     3 |    10 |    11 |       ||    25
 Stab: Sleeping          |       |     1 |       |     2 |     1 |     3 |       ||     7
       Invisible         |       |       |     3 |    19 |    25 |    15 |       ||    62
       Distracted        |       |       |       |       |       |     8 |       ||     8
       Confused          |       |       |       |       |       |     1 |       ||     1
       Petrifying        |       |       |       |       |       |     1 |       ||     1
  Eat: Chunk             |       |    10 |    14 |    32 |    31 |    88 |     3 ||   178
       Pizza             |       |       |     2 |       |       |     3 |       ||     5
       Bread ration      |       |       |     1 |       |       |     5 |       ||     6
       Beef jerky        |       |       |     1 |     1 |       |     1 |       ||     3
       Fruit             |       |       |       |     3 |     7 |    13 |     1 ||    24
       Meat ration       |       |       |       |       |     1 |     4 |       ||     5
Armor: Robe              |    21 |    12 |       |       |       |       |       ||    33
       Leather armour    |       |       |    72 |    97 |   195 |   388 |     8 ||   760
Dodge: Dodged            |    42 |    49 |   320 |   317 |   545 |  1452 |    17 ||  2742
       Deflected         |       |       |       |       |       |    25 |     2 ||    27
Block: Shield            |       |       |       |   425 |   709 |  1329 |    22 ||  2485
